SL
ECHO PARK LAKERS @ ROCKY MOUNTAIN NUGGETS
05/07/2030
 
TOP OF THE 1ST
Echo Park Lakers batting - Pitching for Rocky Mountain Nuggets : LHP Vincent Hall
Pitching: LHP Vincent Hall
Batting: RHB Alfonso Bocanegra 0-0: Foul Ball, location: 2F
0-1: Foul Ball, location: 2F
0-2: Ball
1-2: Ball
2-2: Strikes out looking
Batting: RHB Freddy Torres 0-0: Ball
1-0: Called Strike
1-1: Ball
2-1: Swinging Strike
2-2: SINGLE (Line Drive, 8LS)
Batting: RHB Guillermo Coss 0-0: Ball
1-0: Ball
2-0: Fly out, F7 (Flyball, 7S)
Batting: LHB Count Dante 0-0: Ball
1-0: Swinging Strike
1-1: Swinging Strike
1-2: Fly out, F7 (Flyball, 78M)
Top of the 1st over - 0 runs, 1 hit, 0 errors, 1 left on base; Echo Park 0 - Rocky Mountain 0
BOTTOM OF THE 1ST
Rocky Mountain Nuggets batting - Pitching for Echo Park Lakers : RHP Kyle Boddy
Pitching: RHP Kyle Boddy
Batting: RHB Luis Ríos 0-0: Foul Ball, location: 2F
0-1: Ball
1-1: Foul Ball, location: 2F
1-2: Strikes out swinging
Batting: LHB Roberto Salazar 0-0: SINGLE (Flyball, 7LS)
Batting: RHB Iván Vega 0-0: Ball
Roberto Salazar is caught stealing 2nd base
1-0: Foul Ball, location: 2F
1-1: Ball
2-1: Ground out 1-3 (Groundball, 13S)
Bottom of the 1st over - 0 runs, 1 hit, 0 errors, 0 left on base; Echo Park 0 - Rocky Mountain 0
TOP OF THE 2ND
Echo Park Lakers batting - Pitching for Rocky Mountain Nuggets : LHP Vincent Hall
Batting: RHB Yoshihito Samurakami 0-0: Called Strike
0-1: Ball
1-1: SOLO HOME RUN (Flyball, 9LD), Distance : 349 ft
Batting: LHB Stefan Vanderhoof 0-0: Called Strike
0-1: Ball
1-1: Foul Ball, location: 2F
1-2: Ball
2-2: Foul Ball, location: 2F
2-2: Foul Ball, location: 2F
2-2: Strikes out swinging
Batting: RHB Ismael Sandoval 0-0: Fly out, F7 (Flyball, 7S)
Batting: RHB Habbo Allaart 0-0: Called Strike
0-1: Called Strike
0-2: Foul Ball, location: 2F
0-2: Strikes out swinging
Top of the 2nd over - 1 run, 1 hit, 0 errors, 0 left on base; Echo Park 1 - Rocky Mountain 0
BOTTOM OF THE 2ND
Rocky Mountain Nuggets batting - Pitching for Echo Park Lakers : RHP Kyle Boddy
Batting: LHB Willis Baker 0-0: Ball
1-0: Ball
2-0: Ball
3-0: Base on Balls
Batting: RHB Paco Muńóz 0-0: Called Strike
0-1: Ball
1-1: Ball
2-1: Ball
3-1: Called Strike
3-2: SINGLE (Groundball, 56D)
Willis Baker to second
Batting: LHB Roberto Sánchez 0-0: DOUBLE (Line Drive, 89XD)
Willis Baker scores
Paco Muńóz to third
Batting: RHB Ludwig Kluge 0-0: Ball
1-0: Foul Ball, location: 2F
1-1: Ball
2-1: Ball
3-1: Foul Ball, location: 2F
3-2: Fly out, F8 (Flyball, 8LM)
Batting: RHB Pedro Longoria 0-0: Called Strike
0-1: Swinging Strike
0-2: Strikes out swinging
Batting: RHB Hieu De 0-0: Ground out 4-3 (Groundball, 4)
Bottom of the 2nd over - 1 run, 2 hits, 0 errors, 2 left on base; Echo Park 1 - Rocky Mountain 1
TOP OF THE 3RD
Echo Park Lakers batting - Pitching for Rocky Mountain Nuggets : LHP Vincent Hall
Batting: RHB Joseph Gray 0-0: Called Strike
0-1: Ball
1-1: Fly out, F6 (Line Drive, 6M)
Batting: RHB Alfonso Bocanegra 0-0: Ball
1-0: Ball
2-0: Called Strike
2-1: Foul Ball, location: 2F
2-2: Strikes out swinging
Batting: RHB Freddy Torres 0-0: Ball
1-0: TRIPLE (Flyball, 89XD)
Batting: RHB Guillermo Coss 0-0: Called Strike
0-1: Ball
1-1: Foul Ball, location: 2F
1-2: Ball
2-2: Strikes out swinging
Top of the 3rd over - 0 runs, 1 hit, 0 errors, 1 left on base; Echo Park 1 - Rocky Mountain 1
BOTTOM OF THE 3RD
Rocky Mountain Nuggets batting - Pitching for Echo Park Lakers : RHP Kyle Boddy
Batting: RHB Luis Ríos 0-0: Called Strike
0-1: Foul Ball, location: 2F
0-2: Strikes out swinging
Batting: LHB Roberto Salazar 0-0: Ball
1-0: Ball
2-0: Ball
3-0: Called Strike
3-1: Ground out 1-3 (Groundball, 13)
Batting: RHB Iván Vega 0-0: Fly out, F7 (Flyball, 7D)
Bottom of the 3rd over - 0 runs, 0 hits, 0 errors, 0 left on base; Echo Park 1 - Rocky Mountain 1
TOP OF THE 4TH
Echo Park Lakers batting - Pitching for Rocky Mountain Nuggets : LHP Vincent Hall
Batting: LHB Count Dante 0-0: Foul Ball, location: 2F
0-1: Swinging Strike
0-2: Ball
1-2: Ball
2-2: Ball
3-2: Strikes out swinging
Batting: RHB Yoshihito Samurakami 0-0: Ball
1-0: DOUBLE (Line Drive, 7LM)
Batting: LHB Stefan Vanderhoof 0-0: Called Strike
0-1: Ball
1-1: Ball
2-1: Swinging Strike
2-2: Strikes out swinging
Batting: RHB Ismael Sandoval 0-0: Swinging Strike
0-1: Ground out 1-3 (Groundball, 13)
Top of the 4th over - 0 runs, 1 hit, 0 errors, 1 left on base; Echo Park 1 - Rocky Mountain 1
BOTTOM OF THE 4TH
Rocky Mountain Nuggets batting - Pitching for Echo Park Lakers : RHP Kyle Boddy
Batting: LHB Willis Baker 0-0: Ground out U3 (Groundball, 3)
Batting: RHB Paco Muńóz 0-0: Ball
1-0: Foul Ball, location: 2F
1-1: Called Strike
1-2: Ball
2-2: Ball
3-2: Ground out U3 (Groundball, 3)
Batting: LHB Roberto Sánchez 0-0: Ball
1-0: Ground out 4-3 (Groundball, 4)
Bottom of the 4th over - 0 runs, 0 hits, 0 errors, 0 left on base; Echo Park 1 - Rocky Mountain 1
TOP OF THE 5TH
Echo Park Lakers batting - Pitching for Rocky Mountain Nuggets : LHP Vincent Hall
Batting: RHB Habbo Allaart 0-0: Ball
1-0: Foul Ball, location: 2F
1-1: Swinging Strike
1-2: Ball
2-2: SINGLE (Groundball, 56D)
Batting: RHB Joseph Gray 0-0: Ball
Habbo Allaart steals 2nd base
1-0: Swinging Strike
1-1: Fly out, F6 (Line Drive, 56)
Batting: RHB Alfonso Bocanegra 0-0: Swinging Strike
0-1: Ball
1-1: Swinging Strike
1-2: Strikes out looking
Batting: RHB Freddy Torres 0-0: Swinging Strike
0-1: Fly out, F1 (Line Drive, 13)
Top of the 5th over - 0 runs, 1 hit, 0 errors, 1 left on base; Echo Park 1 - Rocky Mountain 1
BOTTOM OF THE 5TH
Rocky Mountain Nuggets batting - Pitching for Echo Park Lakers : RHP Kyle Boddy
Batting: RHB Ludwig Kluge 0-0: Called Strike
0-1: Ball
1-1: Ground out 3-1 (Groundball, 34S)
Batting: RHB Pedro Longoria 0-0: Ball
1-0: Ball
2-0: Ball
3-0: Called Strike
3-1: Base on Balls
Batting: RHB Hieu De 0-0: Ball
1-0: Ball
Wild Pitch!
Pedro Longoria to second
2-0: Called Strike
2-1: Foul Ball, location: 2F
2-2: Fly out, F7 (Flyball, 7LS)
Batting: RHB Luis Ríos 0-0: DOUBLE (Line Drive, 7LS)
Pedro Longoria scores
Batting: LHB Roberto Salazar 0-0: Foul Ball, location: 2F
0-1: Fly out, F8 (Flyball, 78S)
Bottom of the 5th over - 1 run, 1 hit, 0 errors, 1 left on base; Echo Park 1 - Rocky Mountain 2
TOP OF THE 6TH
Echo Park Lakers batting - Pitching for Rocky Mountain Nuggets : LHP Vincent Hall
Now in CF: Wes Shannon
Batting: RHB Guillermo Coss 0-0: Ball
1-0: DOUBLE (Flyball, 8RXD)
Batting: LHB Count Dante 0-0: Ball
1-0: Ball
2-0: Called Strike
2-1: Swinging Strike
2-2: Foul Ball, location: 2F
2-2: Foul Ball, location: 2F
2-2: Ball
3-2: SINGLE (Flyball, 89S)
Guillermo Coss to third
Batting: RHB Yoshihito Samurakami 0-0: Called Strike
0-1: Ground out 6-3 (Groundball, 56S)
Count Dante to second
Batting: LHB Stefan Vanderhoof 0-0: Fly out, F9 (Flyball, 89S)
Runner from 3rd tags up, SCORES, no throw
Batting: RHB Ismael Sandoval 0-0: Fly out, F6 (Popup, 6M)
Top of the 6th over - 1 run, 2 hits, 0 errors, 1 left on base; Echo Park 2 - Rocky Mountain 2
BOTTOM OF THE 6TH
Rocky Mountain Nuggets batting - Pitching for Echo Park Lakers : RHP Kyle Boddy
Batting: RHB Iván Vega 0-0: Ground out 5-3 (Groundball, 56S)
Batting: LHB Willis Baker 0-0: Swinging Strike
0-1: SINGLE (Line Drive, 9S)
Batting: RHB Paco Muńóz 0-0: Called Strike
0-1: Ball
1-1: Reached on error, E6 (Groundball, 6)
Willis Baker to second
Batting: LHB Roberto Sánchez 0-0: Called Strike
0-1: Called Strike
0-2: Foul Ball, location: 2F
0-2: Foul Ball, location: 2F
0-2: Fly out, F7 (Flyball, 7S)
Batting: RHB Ludwig Kluge 0-0: Ball
1-0: Foul Ball, location: 2F
1-1: Ball
2-1: Fielders Choice at 2nd, 5-4 (Groundball, 5L)
Bottom of the 6th over - 0 runs, 1 hit, 1 error, 2 left on base; Echo Park 2 - Rocky Mountain 2
TOP OF THE 7TH
Echo Park Lakers batting - Pitching for Rocky Mountain Nuggets : LHP Vincent Hall
Batting: RHB Habbo Allaart 0-0: Ball
1-0: Ball
2-0: Called Strike
2-1: Called Strike
2-2: Ball
3-2: Strikes out swinging
Batting: RHB Joseph Gray 0-0: Ground out 1-3 (Groundball, 13S)
Batting: RHB Alfonso Bocanegra 0-0: Fly out, F8 (Flyball, 8LD)
Top of the 7th over - 0 runs, 0 hits, 0 errors, 0 left on base; Echo Park 2 - Rocky Mountain 2
BOTTOM OF THE 7TH
Rocky Mountain Nuggets batting - Pitching for Echo Park Lakers : RHP Kyle Boddy
Batting: RHB Pedro Longoria 0-0: Ball
1-0: Foul Ball, location: 2F
1-1: Called Strike
1-2: Strikes out swinging
Batting: RHB Hieu De 0-0: Called Strike
0-1: Ball
1-1: Ball
2-1: Ball
3-1: Swinging Strike
3-2: Ground out U3 (Groundball, 3S)
Batting: RHB Wes Shannon 0-0: Foul Ball, location: 2F
0-1: Swinging Strike
0-2: Ball
1-2: Strikes out looking
Bottom of the 7th over - 0 runs, 0 hits, 0 errors, 0 left on base; Echo Park 2 - Rocky Mountain 2
TOP OF THE 8TH
Echo Park Lakers batting - Pitching for Rocky Mountain Nuggets : LHP Vincent Hall
Batting: RHB Freddy Torres 0-0: Called Strike
0-1: Fly out, F8 (Line Drive, 8LD)
Pitching: RHP Carlos Trevino
Batting: RHB Guillermo Coss 0-0: Foul Ball, location: 2F
0-1: Swinging Strike
0-2: Foul Ball, location: 2F
0-2: Ball
1-2: Foul Ball, location: 2F
1-2: Strikes out looking
Batting: LHB Count Dante 0-0: Foul Ball, location: 2F
0-1: Fly out, F8 (Flyball, 89XD)
Top of the 8th over - 0 runs, 0 hits, 0 errors, 0 left on base; Echo Park 2 - Rocky Mountain 2
BOTTOM OF THE 8TH
Rocky Mountain Nuggets batting - Pitching for Echo Park Lakers : RHP Kyle Boddy
Pinch Hitting: LHB Javier Sánchez 0-0: Ball
1-0: Called Strike
1-1: Ball
2-1: Ground out U3 (Groundball, 34)
Batting: RHB Iván Vega 0-0: Ball
1-0: Called Strike
1-1: Ground out 6-3 (Groundball, 6)
Batting: LHB Willis Baker 0-0: Ball
1-0: Called Strike
1-1: Ball
2-1: Foul Ball, location: 2F
2-2: Fly out, F8 (Line Drive, 8RD)
Bottom of the 8th over - 0 runs, 0 hits, 0 errors, 0 left on base; Echo Park 2 - Rocky Mountain 2
TOP OF THE 9TH
Echo Park Lakers batting - Pitching for Rocky Mountain Nuggets : RHP Carlos Trevino
Pitching: RHP Jorge Garza
Now in RF: Wrangler Haresnape
Batting: RHB Yoshihito Samurakami 0-0: Ball
1-0: Ball
2-0: Ball
3-0: Called Strike
3-1: Foul Ball, location: 2F
3-2: Strikes out swinging
Batting: LHB Stefan Vanderhoof 0-0: Ball
1-0: Fly out, F6 (Popup, P)
Pinch Hitting: SHB Ricardo Pérez 0-0: Swinging Strike
0-1: Ball
1-1: Fly out, F4 (Line Drive, 4)
Top of the 9th over - 0 runs, 0 hits, 0 errors, 0 left on base; Echo Park 2 - Rocky Mountain 2
BOTTOM OF THE 9TH
Rocky Mountain Nuggets batting - Pitching for Echo Park Lakers : RHP Kyle Boddy
Now at 2B: Ricardo Pérez
Batting: RHB Paco Muńóz 0-0: Ball
1-0: Called Strike
1-1: Swinging Strike
1-2: Ball
2-2: Ground out 6-3 (Groundball, 6MS)
Batting: LHB Roberto Sánchez 0-0: Fly out, F6 (Line Drive, 6)
Batting: RHB Ludwig Kluge 0-0: Ground out U3 (Groundball, 34S)
Bottom of the 9th over - 0 runs, 0 hits, 0 errors, 0 left on base; Echo Park 2 - Rocky Mountain 2
TOP OF THE 10TH
Echo Park Lakers batting - Pitching for Rocky Mountain Nuggets : RHP Jorge Garza
Batting: RHB Habbo Allaart 0-0: Called Strike
0-1: Ball
1-1: Foul Ball, location: 2F
1-2: Strikes out swinging
Batting: RHB Joseph Gray 0-0: Foul Ball, location: 2F
0-1: Ball
1-1: DOUBLE (Flyball, 89D)
Batting: RHB Alfonso Bocanegra 0-0: Ball
1-0: Called Strike
1-1: Swinging Strike
1-2: Strikes out swinging
Batting: RHB Freddy Torres 0-0: Called Strike
0-1: Ball
1-1: TRIPLE (Line Drive, 89XD)
Joseph Gray scores
Batting: RHB Guillermo Coss 0-0: Ball
1-0: Ground out 1-3 (Groundball, 13S)
Top of the 10th over - 1 run, 2 hits, 0 errors, 1 left on base; Echo Park 3 - Rocky Mountain 2
BOTTOM OF THE 10TH
Rocky Mountain Nuggets batting - Pitching for Echo Park Lakers : RHP Kyle Boddy
Now at C: Jesús Vásquez
Batting: RHB Pedro Longoria 0-0: Called Strike
0-1: Ball
1-1: Swinging Strike
1-2: Strikes out looking
Batting: RHB Hieu De 0-0: Foul Ball, location: 2F
0-1: Ball
1-1: Reached via error on a dropped throw, E3
Pitching: RHP Júlio Rodríguez
Batting: RHB Wes Shannon 0-0: Ball
Wild Pitch!
Hieu De to second
1-0: Foul Ball, location: 2F
1-1: Ground out 5-3 (Groundball, 56)
Batting: RHB Wrangler Haresnape 0-0: Called Strike
0-1: Called Strike
0-2: Ground out 4-3 (Groundball, 4S)
Bottom of the 10th over - 0 runs, 0 hits, 1 error, 1 left on base; Echo Park 3 - Rocky Mountain 2
Sunday, March 18th, 2018 - OOTP Baseball 18.8 Build 76